Map: Frost LE

Players

Illmatic - Winner!

  • Race: Zerg Zerg
  • League: Master

hirekui

  • Race: Terran Terran
  • League: Master

VOD

Have the link to the VOD?

Description

Time

  • Played on: July 2, 2016, 1:33 a.m.
  • Length: 12:50
Show
View Real Time Build Order
Export as new Build Order

Illmatic Zerg - Winner!

Build Orders: Hatch First 

Get SALT Encoding   

  12  0:02  Drone  
  13  0:14  Overlord  
  13  0:20  Drone  
  14  0:33  Drone x2  
  16  0:37  Drone  
  17  0:53  Hatchery  
  17  0:56  Drone  
  17  0:59  Drone  
  18  1:10  Extractor  
  17  1:14  Spawning Pool  
  17  1:17  Drone  
  17  1:20  Drone  
  18  1:32  Drone  
  19  1:45  Hatchery  
  18  1:48  Drone  
  19  2:05  Queen  
  19  2:07  Queen  
  23  2:13  Zergling x4  
  25  2:21  Metabolic Boost  
  25  2:27  Overlord  
  25  2:40  Drone x3  
  28  2:46  Queen  
  30  3:03  Drone  
  30  3:04  Drone x4  
  35  3:09  Queen  
  37  3:17  Overlord  
  37  3:21  Drone x2  
  37  3:23  Drone  
  40  3:33  Drone x2  
  41  3:46  Drone x4  
  41  3:47  Drone  
  46  3:51  Roach Warren  
  46  3:52  Overlord, Extractor  
  44  4:03  Overlord, Drone x3  
  44  4:04  Overlord  
  44  4:08  Queen  
  49  4:10  Overlord  
  49  4:32  Roach x5  
  49  4:33  Roach x2  
  49  4:35  Roach  
  49  4:38  Lair  
  63  4:56  Drone x6  
  63  4:57  Drone x3  
  72  5:01  Spore Crawler  
  72  5:04  Drone  
  72  5:05  Drone x2  
  74  5:17  Extractor  
  73  5:23  Spore Crawler  
  70  5:31  Evolution Chamber  
  70  5:32  Evolution Chamber  
  70  5:35  Drone x6  
  72  5:42  Infestation Pit  
  73  5:43  Overlord x4  
  73  5:44  Extractor  
  72  5:54  Glial Reconstitution  
  68  6:09  Drone x9  
  75  6:11  Extractor  
  75  6:12  Extractor  
  73  6:25  Zerg Missile Weapons Level 1  
  73  6:29  Zerg Ground Armor Level 1, Hatchery  
  73  6:30  Hive  
  73  6:32  Drone x3  
  75  6:34  Drone x5  
  79  6:41  Roach  
  79  6:42  Roach x2  
  84  6:54  Drone x5  
  89  7:09  Overlord x5  
  89  7:12  Ravager  
  90  7:31  Drone  
  87  7:46  Drone  
  87  7:47  Drone x4  
  92  7:57  Ultralisk Cavern  
  91  8:04  Roach x5  
  91  8:05  Roach x8  
  117  8:07  Ravager x4  
  117  8:08  Ravager  
  117  8:10  Adrenal Glands  
  117  8:11  Overlord x3  
  122  8:14  Roach x3  
  128  8:23  Extractor x2, Overlord  
  126  8:40  Roach  
  126  8:41  Roach x11  
  150  8:47  Zerg Melee Weapons Level 1  
  150  8:49  Chitinous Plating  
  150  8:54  Zergling x16  
  157  9:01  Overlord  
  157  9:02  Overlord x2  
  157  9:06  Zerg Ground Armor Level 2  
  157  9:12  Drone x2  
  157  9:16  Overlord x2  
  159  9:26  Roach  
  159  9:27  Roach x10  
  179  9:49  Queen  
  181  9:58  Ultralisk x2  
  181  9:59  Ultralisk  
  186  10:31  Ultralisk  
  188  10:37  Overlord x2, Spire  
  187  10:45  Overlord x3  
  187  10:54  Zergling x10  
  127  11:18  Ultralisk x4  
  127  11:19  Ultralisk  
  144  11:30  Zergling x34  
  144  11:31  Zergling x20  
  171  11:44  Zergling x32  
  180  11:54  Ultralisk x2  
  180  11:56  Zergling x10  
  187  12:05  Zergling x8  
  187  12:06  Zergling x2  
  164  12:12  Corruptor x2  
  166  12:15  Drone x2  
  166  12:16  Drone  
Show
View Real Time Build Order
Export as new Build Order

hirekui Terran 

Build Orders: Reaper Expand, MMM Bio 

Get SALT Encoding   

  12  0:01  SCV  
  13  0:13  SCV  
  14  0:17  Supply Depot  
  14  0:25  SCV  
  15  0:39  SCV  
  15  0:40  Barracks  
  16  0:44  Refinery  
  16  0:51  SCV  
  17  1:03  SCV  
  18  1:15  SCV  
  19  1:29  Reaper, Orbital Command  
  20  1:40  Command Center  
  20  1:49  Supply Depot  
  20  1:54  SCV  
  21  2:01  Marine  
  21  2:06  SCV  
  23  2:09  Factory  
  23  2:17  Refinery  
  23  2:19  SCV  
  24  2:31  SCV  
  24  2:34  Barracks Reactor  
  25  2:43  SCV  
  26  2:55  Bunker, SCV  
  26  2:59  Factory Tech Lab  
  26  3:00  Starport  
  26  3:02  Orbital Command  
  26  3:08  SCV  
  26  3:11  Marine x2  
  29  3:17  Widow Mine  
  31  3:20  SCV  
  31  3:26  Supply Depot  
  32  3:29  Marine x2  
  32  3:32  SCV  
  35  3:42  SCV  
  35  3:44  SCV, Medivac  
  35  3:46  Siege Tank  
  35  3:47  Marine x2  
  44  3:54  SCV, Supply Depot  
  45  3:56  SCV  
  46  4:04  Marine  
  46  4:06  SCV  
  46  4:08  SCV  
  49  4:14  Medivac  
  51  4:19  Marine  
  51  4:21  SCV  
  51  4:22  Marine, SCV  
  55  4:25  Supply Depot  
  55  4:33  Command Center  
  55  4:36  Marine  
  56  4:39  SCV x2  
  58  4:56  Liberator, Marine x2  
  59  5:02  SCV x2  
  61  5:12  Starport Reactor  
  64  5:17  Factory Tech Lab, Barracks  
  64  5:20  SCV  
  65  5:22  Barracks  
  65  5:25  Barracks x2  
  65  5:27  Barracks  
  63  5:32  Marine  
  63  5:33  SCV, Stimpack  
  63  5:35  SCV  
  66  5:37  Refinery  
  66  5:38  Refinery  
  66  5:43  Engineering Bay x2  
  66  5:45  SCV  
  67  5:57  SCV  
  67  6:00  Starport Reactor  
  67  6:09  Marine x2  
  67  6:10  Barracks Reactor  
  66  6:12  SCV, Siege Tank  
  66  6:13  Barracks Tech Lab  
  66  6:14  Barracks Reactor, SCV  
  66  6:17  Orbital Command  
  72  6:25  SCV  
  72  6:26  Marine x2  
  72  6:32  Terran Infantry Weapons Level 1, Terran Infantry Armor Level 1  
  74  6:34  Supply Depot  
  74  6:35  Supply Depot  
  74  6:39  Marine x2  
  76  6:46  SCV x2  
  76  6:47  SCV  
  76  6:48  Medivac  
  76  6:58  Marine x5  
  81  7:10  Marine x3, SCV x2  
  81  7:11  Orbital Command  
  86  7:16  Marine  
  83  7:26  Marine x3  
  83  7:27  Marine  
  83  7:28  Marine  
  88  7:30  SCV x2  
  88  7:35  Marine  
  88  7:36  Armory  
  90  7:37  SCV  
  90  7:42  SCV x2  
  93  7:49  SCV  
  94  7:54  SCV x2  
  94  7:55  Supply Depot  
  96  7:59  Supply Depot  
  96  8:01  SCV  
  96  8:04  Marine x4  
  101  8:13  Combat Shields  
  101  8:17  Marine x4, SCV x2, Medivac  
  109  8:21  SCV, Medivac, Siege Tank  
  109  8:23  Barracks  
  109  8:26  Marine x2, Barracks  
  117  8:29  Terran Infantry Weapons Level 2, Terran Infantry Armor Level 2, Barracks  
  117  8:35  Supply Depot  
  117  8:36  Supply Depot x2  
  117  8:40  Marine x2, SCV x2  
  117  8:41  Marine x4  
  125  8:42  SCV  
  125  8:47  Medivac  
  128  8:52  SCV  
  128  8:53  Siege Tank  
  128  8:55  Marine  
  132  8:57  Marine  
  132  8:58  Marine x2  
  132  8:59  Marauder  
  136  9:08  Medivac  
  136  9:09  Marine x2, Marauder  
  142  9:13  Marine, Refinery  
  142  9:14  Refinery, Supply Depot  
  142  9:16  Supply Depot, Barracks Tech Lab  
  143  9:17  Barracks Tech Lab  
  143  9:18  Barracks Reactor  
  143  9:19  Marine x3  
  143  9:20  Marine  
  147  9:25  Siege Tank  
  147  9:29  Missile Turret  
  150  9:31  Missile Turret  
  150  9:34  Marine x3, Marauder  
  155  9:39  Marauder x3, Marine x3  
  164  9:51  Marine  
  164  9:52  Marine x2  
  165  9:55  Marauder  
  165  9:57  Marine  
  166  10:01  Marauder, Marine x3  
  166  10:02  Marauder  
  173  10:08  Marine, Marauder  
  173  10:09  Marine  
  173  10:10  Marine  
  173  10:12  Marine  
  179  10:15  Marine, Medivac  
  179  10:17  Marauder  
  179  10:19  Marine x2  
  185  10:22  Marauder  
  185  10:23  Marauder  
  185  10:30  Marauder  
  185  10:35  Marine x2  
  184  10:38  Marauder  
  188  10:43  Marauder  
  190  10:55  Marine x3, Marauder x2  
  197  11:00  Liberator x2, Marine  
  189  11:09  Command Center  
  174  11:19  SCV x2  
  174  11:26  Concussive Shells  
  174  11:32  Thor  
  178  11:38  Marine x2  
  178  11:39  Marauder  
  104  12:18  Marine x4, Marauder  
  104  12:19  Marine x6, Marauder  
  104  12:21  SCV x3  
  126  12:33  SCV  
Tags
 
Add a new tag
Caveats
  • Supply blocks, unpowered buildings, or Contaminate may cause inaccurate times.
  • Supply counts are checked every 10 seconds.